 Dungeon Crawl Stone Soup version 0.24.1 (webtiles) character file.

Game seed: 7048551522921215104, levelgen mode: deterministic

644 Peloso the Slasher (level 7, -1/60 HPs)
             Began as a Minotaur Fighter on Mar 26, 2020.
             Killed by nerve-wracking pain
             ... invoked by Menkaure
              (11 damage)
             ... on level 4 of the Dungeon.
             The game lasted 00:08:08 (2850 turns).

Peloso the Slasher (Minotaur Fighter)               Turns: 2850, Time: 00:08:08

Health: -1/60      AC: 14    Str: 21    XL:     7   Next: 27%
Magic:  6/6        EV:  6    Int:  5    God:
Gold:   241        SH: 10    Dex: 11    Spells: 6/6 levels left

rFire    . . .     SeeInvis .   a - +0 long sword
rCold    . . .     Gourm    .   c - +0 shield
rNeg     . . .     Faith    .   t - +0 chain mail
rPois    .         Spirit   .   (helmet restricted)
rElec    .         Reflect  .   (no cloak)
rCorr    .         Harm     .   v - +0 pair of gloves
MR       .....                  (no boots)
Stlth    ..........             (no amulet)
HPRegen  0.20/turn              i - +3 ring of protection
MPRegen  0.10/turn              (no ring)

@: no status effects
A: retaliatory headbutt, horns 2
a: no special abilities


You were on level 4 of the Dungeon.
You were hungry.

You visited 1 branch of the dungeon, and saw 4 of its levels.

You collected 241 gold pieces.

Inventory:

Hand Weapons
 a - a +0 long sword (weapon)
Armour
 b - a +0 scale mail
 c - a +0 shield (worn)
 o - a +0 pair of gloves of dexterity
 t - a +0 chain mail (worn)
 v - a +0 pair of gloves (worn)
Jewellery
 i - a +3 ring of protection (left hand)
Wands
 u - a wand of acid (6)
Scrolls
 h - 3 scrolls of identify
 k - 5 scrolls of remove curse
 l - 2 scrolls of fog {unknown}
 m - a scroll of random uselessness {unknown}
 n - a scroll of enchant armour {unknown}
 p - a scroll of amnesia {unknown}
 q - 2 scrolls of teleportation {unknown}
 r - a scroll of immolation {unknown}
 w - a scroll of fear {unknown}
Potions
 d - 2 potions of might
 e - a potion of flight
 g - a potion of haste
 s - a potion of brilliance {unknown}
 x - a potion of mutation {unknown}
Comestibles
 f - 10 rations


   Skills:
 + Level 4.6 Fighting
 + Level 6.4 Long Blades
 + Level 5.7 Armour
 + Level 1.6 Dodging
 + Level 5.8 Shields


You had 6 spell levels left.
You didn't know any spells.
Your spell library was empty.

Dungeon Overview and Level Annotations

Branches:
Dungeon (4/15)
 Temple: D:4-7

Altars:
Gozag
Trog
The Shining One

Annotations:
D:4 Menkaure


Innate Abilities, Weirdness & Mutations

You reflexively headbutt those who attack you in melee.
You have a pair of horns on your head.


Message History

Menkaure calls on the powers of darkness!
Your body is wracked with pain!
You completely miss Menkaure.
Menkaure is severely damaged.
Menkaure hits you!
* * * LOW HITPOINT WARNING * * *
You slash Menkaure!
Menkaure is almost destroyed.
Menkaure hits you!
* * * LOW HITPOINT WARNING * * *
Your chain mail prevents you from hitting Menkaure.
Menkaure is almost destroyed.
Menkaure casts a spell.
Menkaure seems to speed up.
Unknown command.
Your shield and chain mail prevent you from hitting Menkaure.
Menkaure is almost destroyed.
Menkaure points at you and mumbles some strange words.
Pain shoots through your body!
You die...

##### #...#
####..###
####.......#
####.....##....
####.....######...
#####....#####
###. #....@#### ##
.......(M#
.........#
########## #


You could see Menkaure.

Vanquished Creatures
  Grinder (D:4)
  An ogre (D:4)
  An orc priest (D:3)
  3 orc wizards
  2 worker ants (D:4)
  6 gnolls
  An adder (D:4)
  2 oozes (D:1)
  A worm (D:3)
  4 dart slugs (D:1)
  2 leopard geckos
  18 orcs
  A ball python (D:2)
  8 giant cockroaches
  9 goblins
  7 hobgoblins
  5 jackals
  14 kobolds
  11 bats
  6 frilled lizards
  A quokka skeleton (D:4)
  7 rats
111 creatures vanquished.

Notes
Turn   | Place    | Note
-------+----------+-------------------------------------------
     0 | D:1      | Peloso the Minotaur Fighter began the quest for the Orb.
     0 | D:1      | Reached XP level 1. HP: 19/19 MP: 0/0
    57 | D:1      | Reached XP level 2. HP: 25/27 MP: 1/1
   126 | D:1      | Reached skill level 3 in Long Blades
   228 | D:1      | Reached XP level 3. HP: 30/33 MP: 2/2
   816 | D:2      | Found a faded altar of an unknown god.
   897 | D:2      | Reached XP level 4. HP: 39/40 MP: 3/3
   911 | D:2      | Found a glowing golden altar of the Shining One.
   914 | D:2      | Found an opulent altar of Gozag.
  1016 | D:2      | Found a bloodstained altar of Trog.
  1148 | D:2      | Reached skill level 1 in Dodging
  1214 | D:3      | Reached skill level 4 in Long Blades
  1221 | D:3      | Reached XP level 5. HP: 39/46 MP: 4/4
  2053 | D:4      | Noticed an ogre
  2059 | D:4      | Killed an ogre
  2059 | D:4      | Reached skill level 5 in Long Blades
  2059 | D:4      | Reached skill level 5 in Armour
  2059 | D:4      | Reached skill level 5 in Shields
  2059 | D:4      | Reached XP level 6. HP: 47/53 MP: 5/5
  2263 | D:4      | Noticed Grinder
  2278 | D:4      | Paralysed by Grinder for 7 turns
  2296 | D:4      | Paralysed by Grinder for 4 turns
  2303 | D:4      | Killed Grinder
  2303 | D:4      | Reached skill level 6 in Long Blades
  2303 | D:4      | Reached XP level 7. HP: 10/60 MP: 6/6
  2842 | D:4      | Noticed Menkaure
  2850 | D:4      | Killed from afar by Menkaure

Levels and vault maps discovered:
D:1:      erik_arrival_gehennom, layout_rooms, skrybe_limestone_x, minmay_cupped
D:2:      layout_rooms, gammafunk_temple_overflow_forgotten,
          chequers_ecumenical_altar_lobes, minmay_vboxes
D:3:      minmay_evil_eye, layout_rooms
D:4:      layout_cave_pods, kennysheep_potato, uniq_menkaure, uniq_grinder

Skill      XL: |  1  2  3  4  5  6 |
---------------+-------------------+-----
Shields        | 4 5 |  5.8
Long Blades    | 3 4 5 6 |  6.4
Armour         | 4 5 |  5.7
Fighting       | 4 |  4.6
Dodging        | 1 |  1.6

Action                   |  1- 3 |  4- 6 |  7- 9 || total
-------------------------+-------+-------+-------++-------
Melee: Long sword        |   106 |   124 |    40 ||   270
       Headbutt          |    11 |    19 |     9 ||    39
  Use: Scroll            |     2 |       |       ||     2
       Potion            |     1 |     5 |       ||     6
  Eat: Chunk             |       |     4 |     2 ||     6
Armor: Scale mail        |    75 |    30 |       ||   105
       Chain mail        |       |    19 |    12 ||    31
Dodge: Dodged            |    53 |    44 |    10 ||   107
Block: Shield            |    80 |    88 |    25 ||   193
       Rpst.: Long sword |    10 |    12 |     4 ||    26
